TOP OF THE 1ST |
Houston Astros batting - Pitching for Texas Rangers : RHP Kelly Goosecock
|
Pitching: RHP Kelly Goosecock
|
|
Batting: RHB Matt Thompson
|
0-0: Ball 1-0: Ball 2-0: Called Strike 2-1: Ball 3-1: Called Strike 3-2: Base on Balls
|
Batting: RHB Josh Froyd
|
0-0: Called Strike 0-1: Ball 1-1: Ball 2-1: Ball 3-1: 2-RUN HOME RUN (Flyball, 7D, EV 96.9 MPH), Distance : 362 ft
|
Batting: SHB Addick de Vries
|
0-0: Called Strike 0-1: Called Strike 0-2: Ball 1-2: Ball 2-2: Ground out U3 (Groundball, 13, EV 93.8 MPH)
|
Batting: RHB Danny Dyer
|
0-0: Called Strike 0-1: Foul Ball, location: 2F 0-2: Ball 1-2: Strikes out swinging
|
Batting: SHB Joe Gardner
|
0-0: SINGLE (Groundball, 56D, EV 104.4 MPH)
|
Batting: LHB Ian Jarvis
|
0-0: Called Strike 0-1: Foul Ball, location: 2F 0-2: Ball 1-2: Strikes out looking
|
Top of the 1st over - 2 runs, 2 hits, 0 errors, 1 left on base; Houston 2 - Texas 0 |
BOTTOM OF THE 1ST |
Texas Rangers batting - Pitching for Houston Astros : RHP Chris Perretta
|
Pitching: RHP Chris Perretta
|
|
Batting: LHB Da Vo
|
0-0: Foul Ball, location: 2F 0-1: Ground out 5-3 (Groundball, 56S, EV 66.3 MPH)
|
Batting: RHB David Casas
|
0-0: Ground out 6-3 (Groundball, 6S, EV 73.1 MPH)
|
Batting: SHB Jun Tsuda
|
0-0: Ball 1-0: Ball 2-0: Ball 3-0: Base on Balls
|
Batting: RHB Bert Clark
|
0-0: Swinging Strike 0-1: Ball 1-1: Foul Ball, location: 2F 1-2: Fly out, F8 (Flyball, 8LD, EV 105.0 MPH)
|
Bottom of the 1st over - 0 runs, 0 hits, 0 errors, 1 left on base; Houston 2 - Texas 0 |
TOP OF THE 2ND |
Houston Astros batting - Pitching for Texas Rangers : RHP Kelly Goosecock
|
Batting: RHB Antonio Aranda
|
0-0: Ball 1-0: Called Strike 1-1: Ball 2-1: Foul Ball, location: 2F 2-2: Strikes out swinging
|
Batting: LHB Bob Myers
|
0-0: Ball 1-0: SOLO HOME RUN (Flyball, 9D, EV 96.3 MPH), Distance : 372 ft
|
Batting: RHB Chris Fitzgerald
|
0-0: Called Strike 0-1: Ball 1-1: Fly out, F1 (Line Drive, P, EV 68.1 MPH)
|
Batting: RHB Matt Thompson
|
0-0: SINGLE (Groundball, 6D, EV 93.8 MPH)
|
Batting: RHB Josh Froyd
|
0-0: Ball 1-0: Ball 2-0: Swinging Strike 2-1: Ground out U3 (Groundball, 23, EV 85.6 MPH)
|
Top of the 2nd over - 1 run, 2 hits, 0 errors, 1 left on base; Houston 3 - Texas 0 |
BOTTOM OF THE 2ND |
Texas Rangers batting - Pitching for Houston Astros : RHP Chris Perretta
|
Batting: LHB Cody Schumacher
|
0-0: Swinging Strike 0-1: Called Strike 0-2: Ball 1-2: Ball 2-2: Strikes out swinging, 2-3 out at first.
|
Batting: SHB Vince Ealy
|
0-0: Reached via error on a dropped throw from 1B, E1 (Groundball, 34, EV 108.8 MPH)
|
Batting: LHB Johan de Vries
|
0-0: Called Strike 0-1: Foul Ball, location: 2F 0-2: Ball 1-2: Foul Ball, location: 2F 1-2: Ball 2-2: Foul Ball, location: 2F 2-2: Ball 3-2: Foul Ball, location: 2F 3-2: Foul Ball, location: 2F 3-2: Foul Ball, location: 2F 3-2: SINGLE (Flyball, 78S, EV 88.1 MPH) Vince Ealy to second
|
Batting: RHB Edwin Madrid
|
0-0: Ball 1-0: Ball 2-0: Called Strike 2-1: Fly out, F7 (Line Drive, 7, EV 93.1 MPH)
|
Batting: RHB Zhao-ji Chi
|
0-0: Called Strike 0-1: Ball 1-1: Ball 2-1: Foul Ball, location: 2F 2-2: Ball 3-2: Strikes out swinging
|
Bottom of the 2nd over - 0 runs, 1 hit, 1 error, 2 left on base; Houston 3 - Texas 0 |
TOP OF THE 3RD |
Houston Astros batting - Pitching for Texas Rangers : RHP Kelly Goosecock
|
Batting: SHB Addick de Vries
|
0-0: Ball 1-0: Ball 2-0: Swinging Strike 2-1: Fly out, F9 (Line Drive, 9, EV 106.3 MPH)
|
Batting: RHB Danny Dyer
|
0-0: Ball 1-0: Fly out, F8 (Line Drive, 8RD, EV 90.0 MPH)
|
Batting: SHB Joe Gardner
|
0-0: Ground out 6-3 (Groundball, 6, EV 80.0 MPH)
|
Top of the 3rd over - 0 runs, 0 hits, 0 errors, 0 left on base; Houston 3 - Texas 0 |
BOTTOM OF THE 3RD |
Texas Rangers batting - Pitching for Houston Astros : RHP Chris Perretta
|
Batting: LHB Da Vo
|
0-0: Foul Ball, location: 2F 0-1: DOUBLE (Groundball, 3L, EV 101.3 MPH)
|
Batting: RHB David Casas
|
0-0: 2-RUN HOME RUN (Line Drive, 7D, EV 95.6 MPH), Distance : 385 ft
|
Batting: SHB Jun Tsuda
|
0-0: Ball 1-0: Called Strike 1-1: Ball 2-1: Called Strike 2-2: Ball 3-2: Ground out 6-3 (Groundball, 4MD, EV 101.3 MPH)
|
Batting: RHB Bert Clark
|
0-0: Foul Ball, location: 2F 0-1: Fly out, F4 (Popup, 34S, EV 79.4 MPH)
|
Batting: LHB Cody Schumacher
|
0-0: Ball 1-0: Foul Ball, location: 2F 1-1: Ball 2-1: Ball 3-1: Foul Ball, location: 2F 3-2: Base on Balls
|
Batting: SHB Vince Ealy
|
0-0: Ball Cody Schumacher steals 2nd base 1-0: 2-RUN HOME RUN (Line Drive, 78XD, EV 103.1 MPH), Distance : 419 ft
|
Batting: LHB Johan de Vries
|
0-0: Swinging Strike 0-1: Foul Ball, location: 2F 0-2: Ball 1-2: SOLO HOME RUN (Flyball, 89XD, EV 107.5 MPH), Distance : 389 ft
|
Pitching: RHP Danny Bustos
|
|
Batting: RHB Edwin Madrid
|
0-0: Called Strike 0-1: Ball 1-1: Swinging Strike 1-2: Strikes out swinging
|
Bottom of the 3rd over - 5 runs, 4 hits, 0 errors, 0 left on base; Houston 3 - Texas 5 |
TOP OF THE 4TH |
Houston Astros batting - Pitching for Texas Rangers : RHP Kelly Goosecock
|
Batting: LHB Ian Jarvis
|
0-0: SINGLE (Groundball, 56, EV 95.0 MPH)
|
Batting: RHB Antonio Aranda
|
0-0: Ball 1-0: Called Strike 1-1: Called Strike 1-2: Ball 2-2: Strikes out looking
|
Batting: LHB Bob Myers
|
0-0: Ball 1-0: Called Strike 1-1: Ball 2-1: Swinging Strike 2-2: Ball 3-2: Foul Ball, location: 2F 3-2: Strikes out looking
|
Batting: RHB Chris Fitzgerald
|
0-0: Swinging Strike 0-1: Called Strike 0-2: Fielders Choice at 2nd, 6-4 (Groundball, 6, EV 82.5 MPH)
|
Top of the 4th over - 0 runs, 1 hit, 0 errors, 1 left on base; Houston 3 - Texas 5 |
BOTTOM OF THE 4TH |
Texas Rangers batting - Pitching for Houston Astros : RHP Danny Bustos
|
Batting: RHB Zhao-ji Chi
|
0-0: Foul Ball, location: 2F 0-1: Called Strike 0-2: Ball 1-2: Ground out 5-3 (Groundball, 56, EV 83.1 MPH)
|
Batting: LHB Da Vo
|
0-0: Called Strike 0-1: Ball 1-1: Ball 2-1: Foul Ball, location: 2F 2-2: Ball 3-2: Base on Balls
|
Batting: RHB David Casas
|
0-0: Ball 1-0: Ball 2-0: Called Strike 2-1: Ball 3-1: Fly out, F9 (Flyball, 89D, EV 103.1 MPH)
|
Batting: SHB Jun Tsuda
|
0-0: Ball 1-0: Ball 2-0: Fielders Choice at 2nd, U6 (Groundball, 6M, EV 85.6 MPH)
|
Bottom of the 4th over - 0 runs, 0 hits, 0 errors, 1 left on base; Houston 3 - Texas 5 |
TOP OF THE 5TH |
Houston Astros batting - Pitching for Texas Rangers : RHP Kelly Goosecock
|
Batting: RHB Matt Thompson
|
0-0: Swinging Strike 0-1: Ball 1-1: Ball 2-1: Foul Ball, location: 2F 2-2: Foul Ball, location: 2F 2-2: Strikes out swinging
|
Batting: RHB Josh Froyd
|
0-0: Fly out, F8 (Flyball, 8RXD, EV 91.9 MPH)
|
Batting: SHB Addick de Vries
|
0-0: Called Strike 0-1: Ball 1-1: Swinging Strike 1-2: Ball 2-2: Strikes out swinging
|
Top of the 5th over - 0 runs, 0 hits, 0 errors, 0 left on base; Houston 3 - Texas 5 |
BOTTOM OF THE 5TH |
Texas Rangers batting - Pitching for Houston Astros : RHP Danny Bustos
|
Batting: RHB Bert Clark
|
0-0: Called Strike 0-1: Ground out 1-3 (Groundball, 13S, EV 65.0 MPH)
|
Batting: LHB Cody Schumacher
|
0-0: SINGLE (Groundball, 4MS, EV 69.4 MPH) (infield hit)
|
Batting: SHB Vince Ealy
|
0-0: Ball 1-0: Ball Cody Schumacher steals 2nd base 2-0: Ball 3-0: Called Strike 3-1: Ground out 5-3 (Groundball, 56S, EV 81.3 MPH)
|
Batting: LHB Johan de Vries
|
0-0: Called Strike 0-1: Foul Ball, location: 2F 0-2: Foul Ball, location: 2F 0-2: Ball 1-2: Ball 2-2: Ball 3-2: Ground out U3 (Groundball, 3, EV 89.4 MPH)
|
Bottom of the 5th over - 0 runs, 1 hit, 0 errors, 1 left on base; Houston 3 - Texas 5 |
TOP OF THE 6TH |
Houston Astros batting - Pitching for Texas Rangers : RHP Kelly Goosecock
|
Batting: RHB Danny Dyer
|
0-0: Called Strike 0-1: Ground out 5-3 (Groundball, 5L, EV 82.5 MPH)
|
Batting: SHB Joe Gardner
|
0-0: Called Strike 0-1: Fly out, F8 (Line Drive, 8RM, EV 101.9 MPH)
|
Batting: LHB Ian Jarvis
|
0-0: Swinging Strike 0-1: Called Strike 0-2: Ball 1-2: Strikes out looking
|
Top of the 6th over - 0 runs, 0 hits, 0 errors, 0 left on base; Houston 3 - Texas 5 |
BOTTOM OF THE 6TH |
Texas Rangers batting - Pitching for Houston Astros : RHP Danny Bustos
|
Batting: RHB Edwin Madrid
|
0-0: SINGLE (Groundball, 56S, EV 99.4 MPH)
|
Batting: RHB Zhao-ji Chi
|
0-0: Called Strike 0-1: Ball 1-1: Ball 2-1: Foul Ball, location: 2F 2-2: Ball 3-2: Foul Ball, location: 2F 3-2: Fly out, F3 (Popup, 23F, EV 80.0 MPH)
|
Batting: LHB Da Vo
|
0-0: Ball 1-0: Ball 2-0: Ball 3-0: Called Strike 3-1: Swinging Strike 3-2: Base on Balls Edwin Madrid to second
|
Batting: RHB David Casas
|
0-0: Ball 1-0: Ball 2-0: Ball 3-0: Base on Balls Edwin Madrid to third Da Vo to second
|
Batting: SHB Jun Tsuda
|
0-0: DOUBLE (Flyball, 78D, EV 89.4 MPH) Edwin Madrid scores Da Vo scores David Casas to third Runner from 3rd tries for Home, SAFE, throw by LF to home
|
Pitching: LHP Jordan Ruiz
|
|
Batting: RHB Bert Clark
|
0-0: Ball 1-0: Ball 2-0: Swinging Strike 2-1: Fly out, F7 (Line Drive, 78M, EV 106.9 MPH)
|
Batting: LHB Cody Schumacher
|
0-0: Ball 1-0: Ground out U3 (Groundball, 3, EV 85.6 MPH)
|
Bottom of the 6th over - 3 runs, 2 hits, 0 errors, 1 left on base; Houston 3 - Texas 8 |
TOP OF THE 7TH |
Houston Astros batting - Pitching for Texas Rangers : RHP Kelly Goosecock
|
Batting: RHB Antonio Aranda
|
0-0: Ball 1-0: Foul Ball, location: 2F 1-1: Swinging Strike 1-2: Strikes out looking
|
Batting: LHB Bob Myers
|
0-0: Ball 1-0: Ball 2-0: Ball 3-0: Swinging Strike 3-1: Foul Ball, location: 2F 3-2: Foul Ball, location: 2F 3-2: Strikes out looking
|
Batting: RHB Chris Fitzgerald
|
0-0: Ground out 5-3 (Groundball, 56, EV 79.4 MPH)
|
Top of the 7th over - 0 runs, 0 hits, 0 errors, 0 left on base; Houston 3 - Texas 8 |
BOTTOM OF THE 7TH |
Texas Rangers batting - Pitching for Houston Astros : LHP Jordan Ruiz
|
Batting: SHB Vince Ealy
|
0-0: Foul Ball, location: 2F 0-1: Ground out 5-3 (Groundball, 56, EV 109.4 MPH)
|
Batting: LHB Johan de Vries
|
0-0: Ball 1-0: Ball 2-0: Called Strike 2-1: Reached on error, E1 (Groundball, 15S, EV 67.5 MPH)
|
Batting: RHB Edwin Madrid
|
0-0: Called Strike 0-1: Called Strike 0-2: SINGLE (Flyball, 6D, EV 97.5 MPH) Johan de Vries to second
|
Batting: RHB Zhao-ji Chi
|
0-0: Called Strike 0-1: Foul Ball, location: 2F 0-2: Ball 1-2: Ball 2-2: SINGLE (Groundball, 6D, EV 110.0 MPH) Johan de Vries to third Edwin Madrid to second Runner from 3rd tries for Home, SAFE, throw by LF to home
|
Batting: LHB Da Vo
|
0-0: Ball 1-0: Foul Ball, location: 2F 1-1: Ball 2-1: Foul Ball, location: 2F 2-2: Ball 3-2: Strikes out looking
|
Batting: RHB David Casas
|
0-0: Ball 1-0: Ball 2-0: Fly out, F7 (Flyball, 78M, EV 92.5 MPH)
|
Bottom of the 7th over - 1 run, 2 hits, 1 error, 2 left on base; Houston 3 - Texas 9 |
TOP OF THE 8TH |
Houston Astros batting - Pitching for Texas Rangers : RHP Kelly Goosecock
|
Batting: RHB Matt Thompson
|
0-0: Called Strike 0-1: Ball 1-1: TRIPLE (Flyball, 89XD, EV 106.9 MPH)
|
Batting: RHB Josh Froyd
|
0-0: Ball 1-0: Foul Ball, location: 2F 1-1: Ball 2-1: Called Strike 2-2: Strikes out swinging
|
Batting: SHB Addick de Vries
|
0-0: Ball 1-0: Foul Ball, location: 2F 1-1: Swinging Strike 1-2: DOUBLE (Line Drive, 5D, EV 99.4 MPH) Matt Thompson scores
|
Batting: RHB Danny Dyer
|
0-0: 2-RUN HOME RUN (Flyball, 7LD, EV 90.6 MPH), Distance : 336 ft
|
Pitching: RHP Mike Webb
|
|
Now at 1B: Johan de Vries
|
|
Now at 2B: Alex Sandoval
|
|
Batting: SHB Joe Gardner
|
0-0: Ball 1-0: Ball 2-0: Ball 3-0: Called Strike 3-1: Base on Balls
|
Batting: LHB Ian Jarvis
|
0-0: Called Strike 0-1: Ball 1-1: Fly out, F4 (Flyball, 4MD, EV 82.5 MPH)
|
Pinch Hitting: LHB Bryce Hill
|
0-0: Ball 1-0: Swinging Strike 1-1: Ball 2-1: Ball 3-1: Foul Ball, location: 2F 3-2: Foul Ball, location: 2F 3-2: Strikes out swinging, 2-3 out at first.
|
Top of the 8th over - 3 runs, 3 hits, 0 errors, 1 left on base; Houston 6 - Texas 9 |
BOTTOM OF THE 8TH |
Texas Rangers batting - Pitching for Houston Astros : LHP Jordan Ruiz
|
Now in RF: Bryce Hill
|
|
Batting: SHB Jun Tsuda
|
0-0: Called Strike 0-1: Ball 1-1: Ball 2-1: Swinging Strike 2-2: Strikes out swinging
|
Batting: RHB Bert Clark
|
0-0: Called Strike 0-1: Called Strike 0-2: Ball 1-2: Ground out 6-3 (Groundball, 56, EV 103.1 MPH)
|
Batting: LHB Cody Schumacher
|
0-0: Foul Ball, location: 2F 0-1: Foul Ball, location: 2F 0-2: Ball 1-2: Ball 2-2: Strikes out swinging
|
Bottom of the 8th over - 0 runs, 0 hits, 0 errors, 0 left on base; Houston 6 - Texas 9 |
TOP OF THE 9TH |
Houston Astros batting - Pitching for Texas Rangers : RHP Mike Webb
|
Pitching: RHP Hector Aguado
|
|
Batting: LHB Bob Myers
|
0-0: SINGLE (Line Drive, 78M, EV 95.0 MPH)
|
Batting: RHB Chris Fitzgerald
|
0-0: Ground out 4-3 (Groundball, 4MS, EV 70.6 MPH) Bob Myers to second
|
Batting: RHB Matt Thompson
|
0-0: Ground out 6-3 (Groundball, 6, EV 109.4 MPH)
|
Batting: RHB Josh Froyd
|
0-0: Called Strike 0-1: Fly out, F3 (Popup, 3SF, EV 78.8 MPH)
|
Top of the 9th over - 0 runs, 1 hit, 0 errors, 1 left on base; Houston 6 - Texas 9 |
|